 Dungeon Crawl Stone Soup version 0.29.1-1-gd02db6906a (webtiles) character file.

Game seed: 16955473471677523399

2499 LustLizard the Grappler (level 9, -4/89 HPs)
             Began as a Troll Fighter on Sept 24, 2022.
             Was a Follower of Dithmenos.
             Killed from afar by an electric eel (10 damage)
             ... with a bolt of electricity
             ... on level 7 of the Dungeon.
             The game lasted 00:07:48 (5690 turns).

LustLizard the Grappler (Troll Fighter)             Turns: 5690, Time: 00:07:49

Health: -4/89      AC:  6    Str: 32    XL:     9   Next: 28%
Magic:  8/8        EV: 12    Int:  8    God:    Dithmenos [*.....]
Gold:   298        SH:  8    Dex:  9    Spells: 8/8 levels left

rFire   . . .      SeeInvis +     - Unarmed
rCold   . . .      Faith    .   b - +0 kite shield
rNeg    + . .      Spirit   .   D - +1 robe "Ezowe" {rN+ SInv}
rPois   .          Reflect  .   (helmet restricted)
rElec   .          Harm     .   B - +0 cloak
rCorr   .          Rampage  .   (gloves unavailable)
Will    .....                   (boots unavailable)
Stlth   +.........              (no amulet)
HPRegen 1.04/turn               f - +6 ring of strength
MPRegen 0.11/turn               g - +4 ring of evasion

@: wreathed by umbra
A: large, unfitting armour, claws 3, regeneration 1, shaggy fur 1, tough skin 1
a: Renounce Religion


You were on level 7 of the Dungeon.
You worshipped Dithmenos.
Dithmenos was aware of your devotion.
You visited 2 branches of the dungeon, and saw 8 of its levels.
You also visited: Ossuary.

You collected 298 gold pieces.

Inventory:

Missiles
 j - 53 stones (quivered)
 t - 7 boomerangs
 w - 7 poisoned darts
Armour
 a - a +0 robe
 b - a +0 kite shield (worn)
 B - a +0 cloak (worn)
 D - the +1 robe "Ezowe" (worn) {rN+ SInv}
   (You found it on level 6 of the Dungeon)

   rN:        It protects you from negative energy.
   SInv:      It lets you see invisible.
Jewellery
 f - a +6 ring of strength (left claw)
 g - a +4 ring of evasion (right claw)
Scrolls
 h - a scroll of brand weapon {unknown}
 i - a scroll of noise {unknown}
 l - a scroll of fear {unknown}
 o - a scroll of acquirement {unknown}
 q - a scroll of summoning {unknown}
 r - a scroll of vulnerability {unknown}
 s - a scroll of enchant armour {unknown}
 v - 2 scrolls of teleportation {unknown}
 y - a scroll of amnesia {unknown}
 A - 2 scrolls of immolation {unknown}
 E - a scroll of silence {unknown}
 F - a scroll of blinking {unknown}
Potions
 c - 2 potions of might
 d - 5 potions of heal wounds
 e - 3 potions of brilliance
 k - a potion of attraction {unknown}
 m - 3 potions of curing
 n - 2 potions of lignification
 p - 3 potions of cancellation
 u - 2 potions of mutation {unknown}
 x - 3 potions of magic
 z - a potion of resistance {unknown}
 C - 2 potions of degeneration {unknown}


   Skills:
 + Level 5.7 Fighting
 - Level 2.4 Dodging
 + Level 6.3 Shields
 * Level 9.2 Unarmed Combat


You had 8 spell levels left.
You didn't know any spells.
Your spell library contained the following spells:

 Spells                   Type           Power      Damage    Failure   Level
 Sandblast                Erth           0%         2d4       67%         1
 Passwall                 Tmut/Erth      0%         N/A       80%         2
 Stone Arrow              Conj/Erth      0%         3d7       95%         3
 Animate Armour           Summ/Erth      0%         N/A       100%        4
 Lehudib's Crystal Spear  Conj/Erth      0%         10d2      100%        8


Dungeon Overview and Level Annotations

Branches:
Dungeon (7/15)             Temple (1/1) D:4         Ossuary (visited)

Altars:
Ashenzari
Cheibriados
Dithmenos
Elyvilon
Fedhas
Gozag
Hepliaklqana
Kikubaaqudgha
Makhleb
Nemelex Xobeh
Okawaru
Qazlal
Sif Muna
Trog
Wu Jian
Xom
Yredelemnul
Zin
The Shining One


Innate Abilities, Weirdness & Mutations

You are too large for most types of armour.
You have claws for hands.
Your natural rate of healing is unusually fast.
You are covered in fur. (AC +1)
You have tough skin. (AC +1)


Message History

The electric eel shoots out a bolt of lightning at you!
The bolt of electricity hits you!
The electric eel shoots out a bolt of lightning at you!
The bolt of electricity hits you! The bolt of electricity misses you.
You start resting.
An electric eel comes into view.
You start resting.
An electric eel is nearby!
You start resting.
An electric eel is nearby!
The electric eel shoots out a bolt of lightning at you!
The bolt of electricity misses you. The bolt of electricity hits you.
There are monsters nearby!
The electric eel shoots out a bolt of lightning at you!
The bolt of electricity hits you! The bolt of electricity misses you.
The electric eel shoots out a bolt of lightning at you!
The bolt of electricity hits you!
You claw the electric eel!
The electric eel is severely wounded.
You barely miss the electric eel.
The electric eel is severely wounded.
The electric eel shoots out a bolt of lightning at you!
The bolt of electricity hits you! x2
The bolt of electricity misses the electric eel.
You miss the electric eel.
The electric eel is severely wounded.
The electric eel shoots out a bolt of lightning at you!
The bolt of electricity hits you! x2
* * * LOW HITPOINT WARNING * * *
The bolt of electricity hits the electric eel.
The electric eel completely resists.
You claw the electric eel!
You kill the electric eel!
Dithmenos accepts your kill.
You hear a splash.
The electric eel shoots out a bolt of lightning at you!
The bolt of electricity hits you!
* * * LOW HITPOINT WARNING * * *
The bolt of electricity hits you!
You die...

####. ## ####~...
~. #....≈≈ ≈
#.##.≈♣ ≈ #.#.~≈♣
~≈ #.#..≈♣♣♣≈.≈
♣♣ #.>.S≈≈≈≈≈.≈
≈≈ #..@†~~.~.~.
.. #.#..≈≈≈≈≈.≈
≈≈ #.#.~≈♣♣♣≈~≈
♣♣ #####+#.#..≈♣
#......../.≈♣♣♣
#.......#.~≈≈≈≈≈
≈
#.......#.....~~.
~~
#######.#..≈≈≈≈≈.
≈≈ #.#.~≈♣♣♣≈.


You could see an electric eel.

Vanquished Creatures
  Prince Ribbit (D:6)
  A black bear (D:5)
  An orc warrior (D:6)
  3 ogres
  2 ice beasts
  A centaur (D:6)
  2 elf zombies (Ossuary)
  4 bullfrogs
  A necrophage (D:6)
  5 scorpions
  3 electric eels (D:7)
  A jelly (D:4)
  4 hounds
  2 human zombies (Ossuary)
  An orc priest (D:7)
  5 iguanas
  4 orc wizards
  3 mummies (Ossuary)
  2 hound zombies (Ossuary)
  4 adders
  5 shadow imps
  3 white imps
  3 ufetubi
  4 adder zombies (Ossuary)
  4 worms
  2 dart slugs
  20 orcs
  2 ball pythons
  A bat (D:1)
  6 endoplasms
  5 giant cockroaches
  16 goblins
  2 hobgoblins
  8 jackals (D:1)
  4 quokkas
  3 frilled lizards
  4 goblin zombies (Ossuary)
  9 hobgoblin zombies (Ossuary)
  5 kobolds
  3 kobold zombies (Ossuary)
  An orc zombie (Ossuary)
  5 quokka zombies (Ossuary)
  3 rats
  3 rat zombies (Ossuary)
171 creatures vanquished.

Vanquished Creatures (others)
  5 demonic plants (D:4)
5 creatures vanquished.

Grand Total: 176 creatures vanquished

Notes
Turn   | Place    | Note
-------+----------+-------------------------------------------
     0 | D:1      | LustLizard the Troll Fighter began the quest for the Orb.
     0 | D:1      | Reached XP level 1. HP: 22/22 MP: 0/0
    52 | D:1      | Reached XP level 2. HP: 29/29 MP: 1/1
   190 | D:1      | Found a faded altar of an unknown god.
   445 | D:1      | Reached XP level 3. HP: 36/36 MP: 2/2
   730 | D:2      | Reached skill level 3 in Unarmed Combat
  1220 | D:2      | Reached XP level 4. HP: 33/44 MP: 3/3
  2327 | D:4      | Noticed an ogre
  2333 | D:4      | Killed an ogre
  2334 | D:4      | Reached skill level 4 in Unarmed Combat
  2334 | D:4      | Reached XP level 5. HP: 53/53 MP: 4/4
  2496 | D:4      | Found a sand-covered staircase.
  2505 | Ossuary  | Entered an ossuary
  2544 | Ossuary  | Reached XP level 6. HP: 61/61 MP: 5/5
  2582 | Ossuary  | Reached skill level 5 in Unarmed Combat
  2821 | Ossuary  | Reached XP level 7. HP: 68/68 MP: 6/6
  3005 | D:4      | Reached skill level 6 in Unarmed Combat
  3054 | D:4      | Found a staircase to the Ecumenical Temple.
  3132 | Temple   | Entered the Ecumenical Temple
  3182 | Temple   | Became a worshipper of Dithmenos the Shadowed
  3501 | D:5      | Entered Level 5 of the Dungeon
  3641 | D:5      | Found a white marble altar of Elyvilon.
  3822 | D:5      | Found an iron altar of Okawaru.
  3823 | D:5      | Found a shimmering blue altar of Sif Muna.
  3824 | D:5      | Found a shimmering altar of Xom.
  3825 | D:5      | Found a glowing golden altar of the Shining One.
  3872 | D:5      | Reached skill level 5 in Shields
  3872 | D:5      | Reached XP level 8. HP: 79/79 MP: 7/7
  3936 | D:5      | Reached skill level 7 in Unarmed Combat
  4419 | D:5      | Found an ornate altar of the Wu Jian Council.
  4536 | D:6      | Reached skill level 5 in Fighting
  4609 | D:6      | Reached skill level 8 in Unarmed Combat
  4666 | D:6      | Noticed Prince Ribbit
  4716 | D:6      | Killed Prince Ribbit
  4720 | D:6      | Reached XP level 9. HP: 46/88 MP: 8/8
  4732 | D:6      | Reached * piety under Dithmenos
  5051 | D:6      | Identified the +1 robe "Ezowe" {rN+ SInv}
  5404 | D:7      | Reached skill level 9 in Unarmed Combat
  5690 | D:7      | Killed from afar by an electric eel

Illustrated notes

Levels and vault maps discovered:
D:1:      amcnicky_arrival_flooded_fountain, layout_loops_ring, serial_glass,
          glass_columns_a, glass_columns_a, glass_columns_a, glass_columns_a,
          glass_columns_b, glass_columns_c, glass_columns_a, glass_columns_c,
          glass_columns_c, glass_columns_a, glass_columns_a, glass_columns_a,
          glass_columns_a, glass_columns_b,
          shapermc_ecumenical_altar_flowoftime, minmay_misc_feat_roman
D:2:      layout_basic, minmay_randomly_rotated_circles
D:3:      layout_basic
D:4:      layout_loops_ring, temple_green, serial_demonic, serial_demonic_b,
          serial_demonic_d, serial_demonic_g, serial_demonic_d,
          serial_demonic_b, serial_demonic_f, serial_demonic_d,
          nicolae_ossuary_entry_monument, minmay_misc_feat_diagonals
D:5:      layout_loops_corners, chequers_temple_overflow_statue_of_worship,
          mainiacjoe_overflow_small_starburst, mainiacjoe_overflow_alcove_2
D:6:      layout_basic, kennysheep_flooded_box, uniq_prince_ribbit1
D:7:      layout_basic, kennysheep_boxes
Temple:   dshaligram_water_room_temple

Skill      XL: |  1  2  3  4  5  6  7  8  9 |
---------------+----------------------------+-----
Shields        | 3 4 5 6 |  6.3
Unarmed Combat | 3 4 5 6 8 9 |  9.2
Fighting       | 3 4 5 |  5.7
Dodging        | |  2.4

Action                   |  1- 3 |  4- 6 |  7- 9 || total
-------------------------+-------+-------+-------++-------
Melee: Unarmed           |   112 |   203 |   230 ||   545
  Use: Scroll            |       |     3 |     3 ||     6
 Stab: Sleeping          |       |       |     1 ||     1
Armor: Robe              |    22 |    35 |    38 ||    95
Dodge: Dodged            |    55 |    66 |    84 ||   205
Block: Kite shield       |    37 |    55 |   100 ||   192
